AoeStats
← Rayz

Coastal Forest

510511575Analyzed
4v4 RM · 15h ago on Oct 1, 2026· 17m 39s· 8 players
Game mode
Random Map
Map size
Large (8 player)
Population
200
Speed
Normal
Resources
Standard
Victory
Conquest
Starting age
Dark Age
Ending age
Imperial Age
RankedLock teamsTeams togetherTeam positionsShared explorationLock speedFull tech treeHidden civsTurbo modeCheats
Victory
Defeat
🇹🇼 Persians · Taiwan
2064
+3
🇹🇼 Saxons · Taiwan
1984
+4
🇹🇼 Vietnamese · Taiwan
1978
+4
🇹🇼 Saxons · Taiwan
1738
+12
🇹🇼 Poles · Taiwan
1767
-8
🇰🇿 Burgundians · Kazakhstan
1711
-7
🇩🇪 Malians · Germany
1588
-4
🇩🇪 Khmer · Germany
1570
-4
aazz
1:25 Loom
Kylo
10:37 Feudal Age
11:03 Double-Bit Axe
12:24 Horse Collar
15:17 Loom
19:05 Castle Age
17:29 Gold Mining
LL | gummibaer
5:37 Loom
8:55 Feudal Age
9:24 Double-Bit Axe
9:50 Horse Collar
14:01 Forging
SHell | Denchik_Ne_Lohx
3:19 Double-Bit Axe
6:55 Loom
9:14 Feudal Age
10:12 Bow Saw
10:23 Horse Collar
14:43 Forging
16:43 Scale Barding Armor
[LuB]夢夢
3:01 Loom
GKT_Cloud
8:39 Loom
10:52 Feudal Age
14:42 Castle Age
12:39 Fishing Lines
13:07 Double-Bit Axe
14:05 Fletching
15:48 Bow Saw
17:23 Bodkin Arrow
Albis
6:49 Loom
9:12 Feudal Age
10:00 Double-Bit Axe
11:51 Fletching
Rayz
9:40 Feudal Age
10:09 Double-Bit Axe
14:01 Bloodlines
17:07 Wheelbarrow
16:48 Scale Mail Armor
16:54 Scale Barding Armor
17:31 Wheelbarrow
18:11 Forging
Connection lost

Rejoining the realm…

Still unreachable

The connection could not be restored.

Session expired

The server has moved on; the page needs a fresh start.